Map: PT: Hellscape (2.0)

Players

SHIN - Winner!

  • Race: Zerg Zerg
  • League: Master
  • Spawn Location: 7:00

LiquidCure (Cure)

  • Race: Terran Terran
  • League: Master
  • Spawn Location: 1:00

VOD

Have the link to the VOD?

Description

Time

  • Played on: March 20, 2025, 6:53 a.m.
  • Length: 11:12
Show
View Real Time Build Order
Export as new Build Order

SHIN Zerg - Winner!

Build Orders: Hatch First 

Get SALT Encoding   

  12  0:00  Drone  
  13  0:12  Overlord  
  13  0:16  Drone  
  14  0:31  Drone x2  
  16  0:45  Hatchery  
  16  0:48  Drone  
  16  0:53  Drone  
  17  0:57  Drone  
  18  1:07  Extractor  
  17  1:11  Spawning Pool  
  17  1:13  Drone  
  17  1:17  Drone  
  18  1:28  Drone  
  19  1:38  Drone  
  20  1:50  Overlord  
  20  1:58  Queen x2  
  20  1:59  Zergling x2  
  20  2:00  Zergling x2  
  26  2:16  Hatchery  
  26  2:18  Drone  
  26  2:20  Drone  
  27  2:27  Metabolic Boost  
  27  2:29  Drone  
  28  2:33  Drone  
  28  2:35  Drone  
  30  2:37  Drone  
  31  2:45  Queen  
  31  2:49  Overlord  
  33  2:54  Drone x2  
  33  2:56  Drone  
  36  3:07  Queen  
  36  3:09  Drone x3  
  36  3:12  Drone  
  42  3:16  Overlord  
  42  3:19  Drone x2  
  44  3:27  Queen  
  44  3:30  Drone x2  
  44  3:32  Drone  
  49  3:34  Drone  
  49  3:39  Queen  
  52  3:43  Overlord  
  52  3:46  Drone x3  
  55  3:51  Queen  
  57  3:57  Zergling x2  
  57  3:58  Overlord  
  58  4:03  Zergling x6  
  58  4:04  Drone  
  62  4:11  Drone x4  
  62  4:16  Queen  
  62  4:17  Overlord  
  68  4:18  Drone  
  68  4:22  Drone x3  
  71  4:26  Drone x2  
  71  4:29  Overlord  
  73  4:31  Overlord  
  73  4:35  Lair  
  73  4:36  Drone  
  73  4:37  Drone  
  73  4:38  Extractor  
  74  4:39  Drone  
  74  4:40  Drone  
  74  4:44  Drone x3  
  79  4:48  Spore Crawler x2  
  79  4:49  Spore Crawler  
  79  4:52  Drone x3  
  79  4:56  Drone  
  79  4:57  Drone x3  
  79  4:59  Baneling Nest  
  82  5:06  Drone x5  
  87  5:12  Hatchery  
  86  5:15  Extractor  
  86  5:16  Extractor  
  86  5:19  Drone x3, Evolution Chamber  
  86  5:22  Extractor, Evolution Chamber  
  86  5:24  Zergling x8  
  88  5:31  Overlord  
  88  5:32  Drone x6  
  94  5:37  Overlord x2  
  94  5:42  Overseer, Centrifugal Hooks  
  93  5:50  Zerg Ground Armor Level 1  
  90  5:57  Hatchery  
  90  5:59  Drone x2  
  90  6:01  Zergling x18  
  90  6:03  Zerg Melee Weapons Level 1  
  101  6:11  Drone x5  
  101  6:13  Drone  
  101  6:15  Drone  
  101  6:17  Drone  
  108  6:20  Hatchery  
  108  6:25  Zergling x6  
  110  6:29  Drone  
  110  6:31  Baneling x9  
  110  6:32  Drone x3, Hydralisk Den  
  114  6:40  Zergling x14  
  114  6:43  Drone x2  
  122  6:47  Zergling x2  
  122  6:48  Baneling x7  
  122  6:49  Baneling x4  
  122  6:52  Overlord  
  122  6:53  Zergling x4  
  125  6:56  Baneling  
  125  6:57  Baneling x6  
  125  6:59  Overlord x3  
  125  7:04  Overlord  
  125  7:08  Grooved Spines  
  125  7:13  Zergling x18  
  134  7:19  Zergling x4  
  136  7:23  Zergling x6  
  136  7:28  Zergling x14  
  146  7:31  Overlord  
  146  7:33  Hatchery, Zergling x4  
  146  7:39  Zergling x10  
  146  7:42  Overlord  
  150  7:44  Overlord, Zerg Ground Armor Level 2  
  150  7:46  Overlord  
  150  7:50  Zergling x2  
  150  7:51  Zergling x8  
  151  7:55  Hydralisk  
  151  7:56  Hydralisk x2  
  156  7:59  Muscular Augments  
  156  8:00  Zergling x10  
  161  8:05  Hydralisk x2  
  161  8:06  Hydralisk  
  161  8:10  Zergling x12  
  161  8:11  Infestation Pit  
  161  8:12  Baneling x3  
  172  8:17  Zergling x2  
  172  8:18  Zergling x6  
  176  8:24  Zergling x6  
  177  8:29  Zergling x10  
  171  8:38  Hydralisk  
  171  8:39  Hydralisk x2  
  171  8:40  Zergling x2  
  171  8:41  Hydralisk x3  
  139  8:42  Zergling x4  
  139  8:43  Zergling x2  
  139  8:44  Zergling x10  
  148  8:49  Hydralisk x2  
  148  8:50  Zergling x4  
  148  8:52  Baneling  
  148  8:53  Zergling x4  
  148  8:55  Baneling x2  
  150  8:58  Zergling x4  
  150  9:00  Zergling x8  
  150  9:01  Hydralisk x2  
  150  9:02  Zergling x4  
  154  9:05  Baneling  
  154  9:06  Zergling x4, Baneling x3  
  154  9:07  Zergling x6  
  158  9:13  Hydralisk x2  
  158  9:15  Zergling x10  
  158  9:16  Baneling  
  162  9:17  Zergling x2  
  162  9:18  Zergling x2  
  162  9:19  Zergling x4  
  162  9:22  Zergling x2  
  167  9:26  Zergling x2  
  167  9:27  Zergling x2  
  167  9:28  Zergling x4  
  167  9:29  Baneling x6  
  167  9:31  Zergling x2  
  172  9:32  Zergling x2  
  172  9:35  Zergling x4  
  172  9:41  Zergling x18  
  172  9:45  Baneling x8  
  166  9:46  Zergling x6  
  166  9:48  Zergling x4  
  159  9:53  Zergling x8  
  159  9:55  Baneling  
  159  9:56  Zergling x2, Baneling x2  
  159  9:57  Zergling x2  
  159  9:58  Zergling x2  
  159  9:59  Zergling x2  
  166  10:03  Zergling x2  
  166  10:04  Overlord, Zergling x4  
  166  10:05  Zergling x2  
  166  10:06  Zergling x2  
  159  10:08  Zergling x2  
  159  10:10  Zergling x2  
  159  10:12  Zergling x8  
  159  10:13  Baneling x9  
  159  10:15  Zergling x4  
  159  10:17  Zergling x4  
  159  10:18  Zergling x2  
  159  10:19  Zergling x2  
  159  10:20  Zergling x2  
  166  10:22  Zergling x4  
  166  10:23  Zergling x4  
  166  10:26  Zergling x2  
  170  10:29  Zergling x2  
  170  10:33  Zergling x2  
  170  10:34  Zergling x8  
  168  10:35  Zergling x2  
  168  10:36  Zergling x2  
  168  10:38  Zergling x2  
  168  10:41  Zergling x4  
  168  10:42  Zergling x2  
  152  10:43  Zergling x2  
  152  10:44  Evolution Chamber  
  152  10:46  Zergling x4  
  152  10:48  Drone x3  
  147  10:51  Zergling x2  
  147  11:03  Hatchery  
Show
View Real Time Build Order
Export as new Build Order

LiquidCure Terran 

Build Orders: Reaper Expand, Hellion Banshee 

Get SALT Encoding   

  12  0:00  SCV  
  13  0:12  SCV  
  14  0:17  Supply Depot  
  14  0:24  SCV  
  15  0:38  SCV  
  15  0:40  Barracks  
  15  0:42  Refinery  
  16  0:50  SCV  
  17  1:02  SCV  
  18  1:14  SCV  
  19  1:27  Reaper, Orbital Command  
  20  1:38  Command Center  
  20  1:45  Supply Depot  
  20  1:52  SCV  
  21  1:59  Marine  
  22  2:04  SCV  
  23  2:09  Factory  
  23  2:17  SCV, Marine  
  25  2:29  SCV  
  26  2:36  Barracks Reactor  
  26  2:41  SCV  
  27  2:44  Command Center  
  27  2:50  Orbital Command  
  27  2:53  SCV  
  28  3:03  Starport  
  28  3:05  SCV  
  28  3:11  Refinery  
  29  3:17  SCV, Barracks Tech Lab  
  29  3:18  Hellion  
  29  3:19  SCV  
  33  3:24  Hellion  
  35  3:29  SCV  
  35  3:31  SCV  
  37  3:39  Hellion  
  39  3:42  SCV  
  39  3:43  SCV  
  39  3:45  Hellion  
  43  3:49  Banshee  
  46  3:56  SCV x2  
  46  3:57  Orbital Command  
  46  3:58  Cloaking Field  
  48  4:04  Supply Depot  
  48  4:08  SCV x2  
  48  4:09  Hellion x2  
  54  4:11  Barracks Tech Lab  
  54  4:15  Orbital Command  
  54  4:20  SCV x2  
  56  4:31  Marine  
  56  4:32  Supply Depot, Banshee, SCV x2  
  56  4:36  Barracks  
  62  4:39  Barracks  
  62  4:41  Stimpack  
  62  4:44  SCV x2  
  62  4:45  SCV  
  65  4:48  Refinery  
  65  4:49  Refinery, Factory Reactor  
  65  4:50  Marine  
  66  4:56  SCV x2  
  66  4:57  SCV  
  69  5:00  Supply Depot  
  69  5:05  Engineering Bay x2  
  69  5:07  Marine  
  69  5:09  SCV x3  
  73  5:21  SCV x3  
  75  5:25  Marine  
  75  5:27  Barracks  
  77  5:30  Barracks  
  77  5:31  Supply Depot  
  77  5:32  Starport Reactor  
  77  5:33  Terran Infantry Weapons Level 1, Terran Infantry Armor Level 1  
  77  5:34  SCV  
  77  5:35  SCV x2  
  80  5:41  Marine x4  
  84  5:43  Marine  
  85  5:52  Supply Depot  
  85  5:53  SCV x3  
  88  5:57  Siege Tank  
  88  5:58  Marine x2  
  88  6:02  Supply Depot  
  88  6:03  Supply Depot  
  93  6:08  Marine x2, SCV  
  93  6:14  Marine, Medivac x2, SCV x2  
  93  6:15  Barracks Reactor  
  93  6:16  Barracks Reactor  
  93  6:17  Marine  
  93  6:18  Supply Depot  
  101  6:23  Combat Shield, Marine  
  101  6:25  SCV, Marine x2  
  103  6:26  Supply Depot, SCV x2, Refinery  
  103  6:31  Supply Depot, Siege Tank  
  103  6:32  Marine  
  111  6:37  Marine  
  112  6:41  Marine, Armory  
  112  6:43  Marine x2  
  115  6:49  Marine  
  116  6:54  Barracks  
  116  6:56  Marine x4  
  116  6:57  Barracks x2, Marine  
  116  6:59  Marine  
  122  7:01  Marine  
  122  7:02  Marine  
  122  7:05  Supply Depot  
  122  7:07  Marine, Siege Tank  
  128  7:11  Medivac x2  
  128  7:14  Marine  
  133  7:23  Marine x6  
  133  7:26  Marine x2, Missile Turret  
  133  7:27  Terran Infantry Weapons Level 2  
  141  7:31  Terran Infantry Armor Level 2  
  141  7:33  Marine  
  142  7:41  Marine  
  143  7:45  Marine x4  
  147  7:58  Supply Depot, Marine x2  
  147  8:00  Supply Depot  
  147  8:01  Supply Depot, Marine x2, Siege Tank  
  154  8:10  Marine x2  
  154  8:11  Marine  
  157  8:19  Supply Depot, Marine x5  
  157  8:20  Supply Depot  
  157  8:22  Medivac x2  
  157  8:23  Marine x4  
  170  8:28  Marine x3  
  173  8:37  Marine x5  
  143  8:43  Marine x4  
  143  8:45  Siege Tank  
  143  8:46  Marine x3  
  143  8:55  Marine x5, Medivac x2  
  147  9:01  Marine x3  
  147  9:02  Marine  
  150  9:04  Marine x3  
  153  9:13  Marine x5  
  157  9:18  Marine x2  
  157  9:19  Marine, Siege Tank  
  157  9:20  Marine  
  157  9:22  Marine x3  
  167  9:31  Marine x2  
  169  9:33  Marine x3  
  169  9:36  Marine  
  171  9:41  Marine x6  
  171  9:44  Orbital Command  
  163  9:49  Marine x2  
  163  9:51  Marine x3  
  154  9:54  Marine  
  154  9:59  Marine x6  
  144  10:06  Marine x2  
  141  10:09  Marine x2  
  137  10:14  Marine  
  137  10:17  Marine x3  
  141  10:24  Marine x4  
  144  10:30  Marine x3  
  92  10:43  Marine x5  
  92  10:46  Marine  
  92  10:47  Marine  
Tags
 
Add a new tag
Caveats
  • Supply blocks, unpowered buildings, or Contaminate may cause inaccurate times.
  • Supply counts are checked every 10 seconds.